 Dungeon Crawl Stone Soup version 0.29.1-15-g9cfb28693d (webtiles) character file.

Game seed: 14863203558470099084

20492 101zpm the Eclecticist (level 13, -14/76 HPs)
             Began as a Djinni Fire Elementalist on Mar 15, 2023.
             Was a Priest of Ashenzari.
             Killed by an exploding elephant (27 damage)
             ... ignited by their inner flame
             ... on level 2 of the Lair of Beasts.
             The game lasted 01:04:01 (14258 turns).

101zpm the Eclecticist (Djinni Fire Elementalist)  Turns: 14258, Time: 01:04:02

Health: -14/76     AC:  5    Str: 13    XL:     13   Next: 12%
Gold:   492        EV: 12    Int: 26    God:    Ashenzari [***...] SH:  9 Dex: 15

rFire   + . .      SeeInvis +   K - +4 rapier of Uncomfortable Rashes {holy, rElec Stlth+}
rCold   + . .      Faith    .   D - +0 kite shield "Share My Augurer" {Range, Cun} (curse)
rNeg    . . .      Spirit   .   M - +2 robe "Fiumpug" {rC+ Int+3 Dex+2}
rPois   ∞          Reflect  .   (no helmet)
rElec   +          Harm     .   (no cloak)
rCorr   .          Rampage  .   P - +0 pair of gloves
Will    +....      Clarity  +   (boots unavailable)
Stlth   ++++......              F - amulet of Ashenzari's Ordeal {Regen+, Cun, Fort} (curse)
HPRegen 1.02/turn               H - ring "All-seeing Jealousy" {Ice, Melee, Evo} (curse)
MPRegen 0.00/turn               I - ring of Ouranomancy {Str+6, Evo, Melee} (curse)

@: flying
A: sickness immunity, fire resistance 2, cold vulnerability 1, float, innate
caster, HP casting, extra vitality 1
a: Renounce Religion, Shatter the Chains


You were on level 2 of the Lair of Beasts.
You worshipped Ashenzari.
Ashenzari was most pleased with you.
You visited 3 branches of the dungeon, and saw 14 of its levels.

You collected 607 gold pieces.
You spent 115 gold pieces at shops.

Inventory:

Hand Weapons
 c - a +1 mace of protection
 K - the +4 rapier of Uncomfortable Rashes (weapon) {holy, rElec Stlth+}
   (You found it on level 7 of the Dungeon)

   It has been blessed by the Shining One to cause great damage to the undead
   and demons.
   rElec:     It insulates you from electricity.
   Stlth:     It makes you more stealthy.
Missiles
 k - 12 boomerangs
Armour
 a - a +0 robe
 D - the cursed +0 kite shield "Share My Augurer" (worn) {Range, Cun}
   (You took it off a gnoll sergeant on level 6 of the Dungeon)

   It has a curse which improves the following skills: Ranged Combat: Ranged
   Weapons and Throwing.
   Cunning:   Dodging and Stealth.
 E - a +0 troll leather armour
 M - the +2 robe "Fiumpug" (worn) {rC+ Int+3 Dex+2}
   (You found it on level 9 of the Dungeon)

   Int:       It affects your intelligence (+3).
   Dex:       It affects your dexterity (+2).
   rC:        It protects you from cold.
 P - a +0 pair of gloves (worn)
Jewellery
 w - a ring of see invisible
 A - a ring of fire
 F - the cursed amulet of Ashenzari's Ordeal (around neck) {Regen+, Cun, Fort}
   (You found it on level 7 of the Dungeon)

   [amulet of regeneration]

   Regen:     It increases your rate of health regeneration.
   It has a curse which improves the following skills: Cunning: Dodging and
   Stealth.
   Fortitude: Armour and Shields.
 H - the cursed ring "All-seeing Jealousy" (left hand) {Ice, Melee, Evo}
   (You found it on level 7 of the Dungeon)

   [ring of ice]

   It enhances your ice magic.
   rF:        It makes you vulnerable to fire.
   rC:        It protects you from cold.
   It has a curse which improves the following skills: Melee Combat: Short
   Blades, Long Blades, Axes, Maces & Flails, Polearms, Staves and Unarmed
   Combat.
   Evocations: Evocations.
 I - the cursed ring of Ouranomancy (right hand) {Str+6, Evo, Melee}
   (You found it on level 8 of the Dungeon)

   [ring of strength]

   Str:       It affects your strength (+6).
   It has a curse which improves the following skills: Evocations: Evocations.
   Melee Combat: Short Blades, Long Blades, Axes, Maces & Flails, Polearms,
   Staves and Unarmed Combat.
Wands
 s - a wand of flame (25)
 y - a wand of polymorph (16)
 C - a wand of charming (17)
Scrolls
 b - 5 scrolls of identify
 e - 2 scrolls of poison
 h - 6 scrolls of fear
 j - a scroll of butterflies
 m - 3 scrolls of noise
 p - 6 scrolls of immolation
 q - 5 scrolls of teleportation
 r - 2 scrolls of amnesia
 u - 5 scrolls of enchant weapon
 v - a scroll of magic mapping
 G - 2 scrolls of summoning
 J - 2 scrolls of enchant armour
Potions
 d - 4 potions of flight
 f - 2 potions of heal wounds
 g - 2 potions of invisibility
 i - 6 potions of curing
 l - a potion of berserk rage
 n - 3 potions of cancellation
 o - 2 potions of lignification
 t - a potion of attraction
 z - 3 potions of magic
 B - a potion of brilliance
 L - a potion of ambrosia
 N - a potion of might
 O - a potion of degeneration


   Skills:
 + Level 1.0 Fighting
 + Level 3.2(4.6) Armour
 + Level 3.2(5.3) Dodging
 + Level 3.9(6.2) Stealth
 + Level 1.6(2.8) Shields
 + Level 15.4 Spellcasting


You had 11 spell levels left.
You knew the following spells:

 Your Spells              Type           Power      Damage    Failure   Level
a - Foxfire               Conj/Fire      100%       2x1d9     0%          1
b - Scorch                Fire           100%       2d10      1%          2
c - Conjure Flame         Conj/Fire      79%        6-21      1%          3
d - Inner Flame           Hex/Fire       79%        N/A       1%          3
e - Flame Wave            Conj/Fire      79%        2d17      1%          4
f - Freeze                Ice            100%       1d11      0%          1
g - Ensorcelled Hibernat  Hex/Ice        100%       N/A       1%          2
h - Call Imp              Summ           79%        N/A       1%          2
i - Mephitic Cloud        Conj/Pois/Air  79%        N/A       1%          3
j - Summon Mana Viper     Hex/Summ       79%        N/A       1%          5
k - Manifold Assault      Tloc           79%        N/A       1%          5
Your spell library was empty.

Dungeon Overview and Level Annotations

Branches:
Dungeon (11/15)            Temple (1/1) D:4            Lair (2/5) D:8
  Swamp: Lair:2-3    Shoals: Lair:2-3     Snake: Lair:2-3    Spider: Lair:2-3
    Orc: D:9-12

Altars:
Ashenzari
Cheibriados
Dithmenos
Elyvilon
Fedhas
Gozag
Hepliaklqana
Makhleb
Okawaru
Qazlal
Ru
Trog
Uskayaw
Wu Jian
Xom
Yredelemnul
Zin
The Shining One

Shops:
D:1 ?   D:3 *   D:5 ?

Annotations:
D:2 1 runed translucent door, Crazy Yiuf
D:4 1 runed translucent door, Bloodier's ghost, amateur DsBe
D:7 2 transporters, Agnarh's ghost, novice NaVM


Innate Abilities, Weirdness & Mutations

You are immune to sickness and miasma.
You are immune to poison.
Your flesh is very heat resistant. (rF++)
You are vulnerable to cold. (rC-)
You float through the air rather than walking.
You learn spells naturally, not from books.
Your magical power is your life essence.
You have superior vitality. (+4 MHP)


Message History

Confirm with . or Enter, or press ? or * to list all spells.
A mana viper appears with a sibilant hiss.
* * * LOW HITPOINT WARNING * * *
The elephant is engulfed in noxious fumes.
The elephant appears confused.
The elephant tramples the elephant!
The elephant stumbles backwards!
The elephant is engulfed in blazing flames.
The elephant is engulfed in noxious fumes.
The elephant appears confused.
The elephant is engulfed in blazing flames. x2
Flame seeps out of the elephant.
Your mana viper bites the elephant.
Flame seeps out of the elephant.
Casting: Foxfire (safe; 0% risk of failure)
Press: ? - help, Q - select action, (/) - cycle Dir - look around, f - activate You conjure some foxfire!
* * * LOW HITPOINT WARNING * * *
The elephant is engulfed in noxious fumes.
The elephant tramples the elephant!!
The elephant stumbles backwards!
The elephant completely misses your mana viper.
The elephant misses your mana viper.
The elephant is engulfed in blazing flames.
The elephant explodes!
The fiery explosion engulfs your mana viper!!!
Your mana viper is almost dead.
The fiery explosion engulfs you! You resist.
* * * LOW HITPOINT WARNING * * *
The fiery explosion engulfs the elephant!!
You kill the elephant!
The fiery explosion engulfs your foxfire.
Your foxfire completely resists.
The fiery explosion engulfs your foxfire.
Your foxfire completely resists.
The fiery explosion engulfs the elephant!!!
The elephant is burned terribly!
The elephant explodes!
The fiery explosion engulfs your mana viper!!
You kill your mana viper!
Your mana viper disappears in a puff of smoke!
The fiery explosion engulfs you!! You resist.
You die...

##......P#...###.....#.+##P#*#..#
#..†.....#......#...###....###..#
.........#......#.....#....##P..#
....#......................##....
...#....#......##.....##.+## #..P
...##...##......#...P####.####...
.÷.##...###..####...##.#P..#P#.<#
.÷.##...##.#...§§v..........FYY.#
†..##.........§○@v..............#
..###.........§§§§..............#
.##*#..........°°§..............#
## , .........☼§☼☼..............#
* ,.........§§§...............#
,,, ....####.##................#
,...# * #####......##.####... ..
**, ......# , , , ...... , ,


There were no monsters in sight!

Vanquished Creatures
  2 hydras
  A catoblepas (Lair:2)
  A two-headed ogre (D:10)
  8 elephants (Lair:2)
  3 cane toads
  A rime drake (Lair:1)
  3 komodo dragons
  2 trolls
  A polar bear (Lair:1)
  Grinder (D:3)
  2 blink frogs (Lair:2)
  Prince Ribbit (D:7)
  22 yaks
  4 basilisks
  5 wyverns
  5 steam dragons
  5 vampire mosquitoes (D:10)
  An acid dragon (D:7)
  8 water moccasins
  2 sky beasts
  3 ice beasts
  An orc warrior (D:7)
  A black bear (D:5)
  3 ogres
  2 phantoms
  2 wolves (D:9)
  8 centaurs
  A kobold brigand (D:8)
  7 bullfrogs
  2 necrophages
  A gnoll sergeant (D:6)
  2 scorpions
  5 killer bees
  4 howler monkeys
  4 hounds
  2 orc priests (D:7)
  A gnoll bouda (D:7)
  5 iguanas
  Ijyb (D:3)
  18 orc wizards
  13 gnolls
  13 adders
  A shadow imp (D:7)
  A worm (D:2)
  A dart slug (D:1)
  34 orcs
  7 endoplasms
  3 giant cockroaches
  6 goblins
  7 hobgoblins
  2 jackals (D:3)
  8 kobolds
  3 quokkas
  7 ball pythons
  5 bats
  A frilled lizard (D:1)
  8 rats
271 creatures vanquished.

Vanquished Creatures (collateral kills)
  2 elephants
  A troll (D:9)
  A blink frog (Lair:2)
  4 yaks
  Grum (D:9)
  A vampire mosquito (D:10)
  2 water moccasins (Lair:2)
  A black bear (D:8)
  A killer bee (D:9)
  An adder (Lair:2)
  2 foxfires (Lair:1)
17 creatures vanquished.

Vanquished Creatures (others)
  A bush (Lair:2)
  466 foxfires
  8 fungi
  22 plants
497 creatures vanquished.

Grand Total: 785 creatures vanquished

Notes
Turn   | Place    | Note
-------+----------+-------------------------------------------
     0 | D:1      | 101zpm the Djinni Fire Elementalist began the quest for the
                  | Orb.
     0 | D:1      | 101zpm set off with the following spells memorised:
                  | Foxfire, Scorch, Conjure Flame, Inner Flame, Flame Wave.
     0 | D:1      | Reached XP level 1. HP: 15/15 MP: 0/0
   309 | D:1      | Reached XP level 2. HP: 17/21 MP: 0/0
   856 | D:2      | Reached skill level 3 in Spellcasting
   856 | D:2      | Reached XP level 3. HP: 21/25 MP: 0/0
   856 | D:2      | Learned a level 1 spell: Freeze
  1050 | D:2      | Found a faded altar of an unknown god.
  1319 | D:2      | Found a runed translucent door.
  1320 | D:2      | Noticed Crazy Yiuf
  1498 | D:2      | Found a shadowy altar of Dithmenos.
  1554 | D:2      | Reached XP level 4. HP: 29/31 MP: 0/0
  2178 | D:1      | Found Mytoorap's Magic Scroll Boutique.
  2200 | D:1      | Bought 2 scrolls of identify for 40 gold pieces
  2762 | D:3      | Noticed Grinder
  2763 | D:3      | Paralysed by Grinder for 5 turns
  3344 | D:3      | Reached skill level 4 in Spellcasting
  3344 | D:3      | Reached XP level 5. HP: 9/35 MP: 0/0
  3344 | D:3      | Learned a level 2 spell: Ensorcelled Hibernation
  3357 | D:3      | Killed Grinder
  3358 | D:3      | Reached skill level 5 in Spellcasting
  3358 | D:3      | Reached XP level 6. HP: 8/40 MP: 0/0
  3851 | D:3      | Noticed Ijyb
  3854 | D:3      | Killed Ijyb
  3963 | D:3      | Found Afig's Assorted Antiques.
  3992 | D:3      | Found an iron altar of Okawaru.
  4591 | D:1      | Bought a scroll of magic mapping for 75 gold pieces
  4669 | D:4      | Found a staircase to the Ecumenical Temple.
  4678 | D:4      | Reached XP level 7. HP: 40/45 MP: 0/0
  4678 | D:4      | Learned a level 2 spell: Call Imp
  4684 | Temple   | Entered the Ecumenical Temple
  4734 | Temple   | Became a worshipper of Ashenzari the Shackled
  4984 | D:4      | Found a runed translucent door.
  4985 | D:4      | Noticed Bloodier's ghost (amateur DsBe)
  5354 | D:5      | Entered Level 5 of the Dungeon
  5534 | D:5      | Reached skill level 6 in Spellcasting
  5605 | D:5      | Reached XP level 8. HP: 8/50 MP: 0/0
  5763 | D:5      | Reached skill level 7 in Spellcasting
  6120 | D:5      | Found a basalt altar of Yredelemnul.
  6490 | D:5      | Found Ciq Ishef's Magic Scroll Boutique.
  6783 | D:5      | Found a glowing golden altar of the Shining One.
  6785 | D:5      | Noticed an angel
  7094 | D:6      | Found a snail-covered altar of Cheibriados.
  7095 | D:6      | Found a shadowy altar of Dithmenos.
  7173 | D:6      | Found an opulent altar of Gozag.
  7179 | D:6      | Found an opulent altar of Gozag.
  7262 | D:6      | Found a glowing silver altar of Zin.
  7496 | D:6      | Reached skill level 8 in Spellcasting
  7766 | D:6      | Reached XP level 9. HP: 35/55 MP: 0/0
  7766 | D:6      | Learned a level 3 spell: Mephitic Cloud
  8081 | D:6      | Found an opulent altar of Gozag.
  8088 | D:6      | Found an opulent altar of Gozag.
  8795 | D:7      | Reached skill level 9 in Spellcasting
  9051 | D:7      | Noticed a troll
  9057 | D:7      | Killed a troll
  9384 | D:7      | Reached skill level 10 in Spellcasting
  9384 | D:7      | Reached XP level 10. HP: 57/60 MP: 0/0
  9587 | D:7      | Noticed Prince Ribbit
  9598 | D:7      | Killed Prince Ribbit
  9753 | D:7      | Identified the +4 rapier of Uncomfortable Rashes {holy,
                  | rElec Stlth+}
  9985 | D:7      | Found a burning altar of Makhleb.
  9987 | D:7      | Noticed a blizzard demon
  9991 | D:7      | Noticed a smoke demon
 10058 | D:7      | Noticed a moth of wrath
 10061 | D:7      | Noticed Agnarh's ghost (novice NaVM)
 10078 | D:7      | Found a transporter.
 10095 | D:7      | Reached skill level 1 in Armour
 10131 | D:7      | Found a transporter.
 10179 | D:8      | Found a staircase to the Lair.
 10191 | D:8      | Found a bloodstained altar of Trog.
 10445 | D:8      | Reached skill level 11 in Spellcasting
 10545 | D:8      | Noticed a seven-headed hydra
 10551 | D:8      | Killed a seven-headed hydra
 10723 | D:8      | Found a sacrificial altar of Ru.
 11106 | D:7      | Reached XP level 11. HP: 31/65 MP: 0/0
 11106 | D:7      | Learned a level 5 spell: Summon Mana Viper
 11365 | D:9      | Reached skill level 12 in Spellcasting
 11536 | D:9      | Found a hazy altar of Hepliaklqana.
 11676 | D:9      | Noticed Grum
 11684 | D:9      | Killed Grum
 11724 | D:9      | Identified the +2 robe "Fiumpug" {rC+ Int+3 Dex+2}
 12062 | D:10     | Entered Level 10 of the Dungeon
 12130 | D:10     | Noticed a two-headed ogre
 12135 | D:10     | Killed a two-headed ogre
 12136 | D:10     | Reached skill level 1 in Shields
 12223 | D:10     | Reached skill level 13 in Spellcasting
 12324 | D:10     | Reached * piety under Ashenzari
 12644 | D:10     | Found a white marble altar of Elyvilon.
 12649 | D:10     | Identified Buamewum's Opusculum on the Tainted Caves (You
                  | found it on level 5 of the Dungeon)
 12649 | D:10     | Identified the ring "Aboowo" {rF+ rCorr Dex+3}
 12649 | D:10     | Identified Sif Muna's Lectures on Displacement (You found
                  | it on level 7 of the Dungeon)
 12679 | D:10     | Reached XP level 12. HP: 7/70 MP: 0/0
 12798 | Lair:1   | Entered Level 1 of the Lair of Beasts
 13034 | Lair:1   | Reached ** piety under Ashenzari
 13144 | Lair:1   | Reached skill level 14 in Spellcasting
 13647 | Lair:1   | Reached *** piety under Ashenzari
 13844 | Lair:2   | Noticed a catoblepas
 13847 | Lair:2   | Killed a catoblepas
 13945 | Lair:2   | Noticed a six-headed hydra
 13951 | Lair:2   | Killed a six-headed hydra
 13953 | Lair:2   | Reached skill level 15 in Spellcasting
 14128 | Lair:2   | Reached XP level 13. HP: 68/76 MP: 0/0
 14128 | Lair:2   | Learned a level 5 spell: Manifold Assault
 14159 | Lair:2   | Reached skill level 1 in Fighting
 14258 | Lair:2   | Killed by an exploding elephant... ignited by their inner
                  | flame

Illustrated notes

Levels and vault maps discovered:
D:1:      lemuel_arrival_rhombus, layout_basic, serial_shops, shop,
          grunt_decor_resistance
D:2:      layout_loops_ring, basic_ecumenical_altar, basic_altar,
          uniq_crazy_yiuf_cottage
D:3:      layout_basic, lemuel_doored_altar, serial_shops, shop,
          hangedman_abyss_or_decor_stabs, minmay_misc_feat_nine_boxes,
          kennysheep_generic_room_7, uniq_ijyb, uniq_grinder
D:4:      layout_rooms, minmay_temple_entry_glassed_door,
          ebering_ghost_inner_flame
D:5:      layout_cave_pools, grunt_temple_overflow_holy_war,
          nicolae_overflow_hidden_temple, serial_shops, shop_fountains
D:6:      layout_basic, nicolae_gozag_conspicuous_consumption,
          mainiacjoe_overflow_small_starburst,
          chequers_temple_overflow_statue_of_worship
D:7:      minmay_razor_zed, layout_basic, makhleb_altar_promises_db,
          led_sif_book, gammafunk_ghost_berserking_beasts, interstate_on_off,
          uniq_prince_ribbit1
D:8:      layout_gridville, marbit_many_paths, trog_three_pillars_becter,
          dpeg_oklobed_lair
D:9:      layout_loops_ring, nicolae_hepliaklqana_hazy_memory,
          grunt_ministairs_5, uniq_grum
D:10:     layout_cave_pools, lemuel_round_altar
D:11:     layout_big_octagon, david_orc_5, serial_bayou, serial_bayou_pond_c,
          serial_bayou_pond_a, serial_bayou_lake_a, serial_bayou_lagoon_a,
          uniq_harold
Temple:   hellmonk_temple_rainy
Lair:1:   layout_cave_pods
Lair:2:   layout_regular_city, cheibrodos_lair_reptile_den

Skill      XL: |  1  2  3  4  5  6  7  8  9 10 11 12 13 |
---------------+----------------------------------------+-----
Spellcasting   | 3 4 5 6 8 10 11 13 15 | 15.4
Stealth        | 2 3 |  3.9
Armour         | 2 3 |  3.2
Shields        | 1 |  1.6
Dodging        | 3 |  3.2
Fighting       | 1 |  1.0

Action                   |  1- 3 |  4- 6 |  7- 9 | 10-12 | 13-15 || total
-------------------------+-------+-------+-------+-------+-------++-------
Melee: Rapier            |       |       |       |       |     1 ||     1
 Cast: Foxfire           |    27 |    28 |    95 |   143 |     6 ||   299
       Scorch            |    23 |    30 |    62 |   116 |    12 ||   243
       Inner Flame       |       |    21 |    62 |   110 |    10 ||   203
       Call Imp          |       |       |    16 |    26 |     1 ||    43
       Mephitic Cloud    |       |       |       |     3 |     1 ||     4
       Summon Mana Viper |       |       |       |    24 |     3 ||    27
       Flame Wave        |       |       |       |     1 |       ||     1
       Manifold Assault  |       |       |       |       |     1 ||     1
Invok: Curse Item        |       |       |       |     4 |       ||     4
  Use: Scroll            |       |     5 |     9 |     3 |       ||    17
       Potion            |       |       |       |     1 |       ||     1
Armor: Robe              |     1 |       |       |     9 |       ||    10
       Troll leather arm |       |       |       |     5 |       ||     5
Dodge: Dodged            |     4 |     3 |     2 |    35 |     1 ||    45
Block: Kite shield       |       |       |       |    23 |     1 ||    24
